 Dungeon Crawl Stone Soup version 0.23-a0-550-g7de1f8e (console) character file.

58334 Duffy the Severer (level 14, 107/130 HPs)
             Began as a Deep Dwarf Gladiator on Dec 9, 2018.
             Was the Champion of Makhleb.
             Quit the game on level 6 of the Lair of Beasts.
             The game lasted 00:24:04 (14055 turns).

Duffy the Severer (Deep Dwarf Gladiator)           Turns: 14055, Time: 00:24:05

Health: 107/130    AC: 26    Str: 22    XL:     14   Next: 49%
Magic:  19/19      EV: 16    Int: 10    God:    Makhleb [******]
Gold:   1254       SH:  0    Dex: 14    Spells: 13/13 levels left

rFire    . . .     SeeInvis .   m - +4 broad axe (vamp)
rCold    . . .     Gourm    .   (no shield)
rNeg     + + .     Faith    +   a - +6 plate armour "Woshud" {rCorr}
rPois    .         Spirit   .   c - +0 helmet
rElec    .         Reflect  .   v - +0 cloak
rCorr    +         Harm     .   H - +1 pair of gloves
MR       ++...                  (no boots)
Stlth    ..........             P - amulet of faith
HPRegen  0.00/turn              r - ring of positive energy
MPRegen  0.16/turn              B - +3 ring of evasion

@: non-regenerating
A: damage resistance, heal wounds, negative energy resistance 1, sense
surroundings 2, no regeneration
a: Heal Wounds, Minor Destruction, Lesser Servant of Makhleb, Major Destruction,
Greater Servant of Makhleb, Renounce Religion


You were on level 6 of the Lair of Beasts.
You worshipped Makhleb.
Makhleb was exalted by your worship.
You were not hungry.

You visited 3 branches of the dungeon, and saw 17 of its levels.
You also visited: Ossuary, Gauntlet and Ice Cave.

You collected 1254 gold pieces.

Inventory:

Hand Weapons
 e - the +10 battleaxe of the Tomato {freeze, Int+4}
   (You found it on level 5 of the Dungeon)

   It has been specially enchanted to freeze those struck by it, causing extra
   injury to most foes and up to half again as much damage against particularly
   susceptible opponents.
   It can also slow down cold-blooded creatures.
   It affects your intelligence (+4).
 m - a +4 vampiric broad axe (weapon)
 R - the +3 war axe of the Sun {freeze, MR++}
   (You found it on level 5 of the Lair of Beasts)

   It has been specially enchanted to freeze those struck by it, causing extra
   injury to most foes and up to half again as much damage against particularly
   susceptible opponents.
   It can also slow down cold-blooded creatures.
   It affects your resistance to hostile enchantments.
Missiles
 d - 3 throwing nets (quivered)
Armour
 a - the +6 plate armour "Woshud" (worn) {rCorr}
   (You found it in a Gauntlet)

   It provides partial protection from all sources of acid and corrosion.
 c - a +0 helmet (worn)
 v - a +0 cloak (worn)
 H - a +1 pair of gloves (worn)
Jewellery
 r - a ring of positive energy (left hand)
 B - a +3 ring of evasion (right hand)
 G - an uncursed amulet of rage {unknown}
 I - the ring "Dilocoti" {*Corrode rF++ AC+2 Str+4}
   (You found it on level 9 of the Dungeon)

   [ring of protection]

   It affects your AC (+2).
   It affects your strength (+4).
   It greatly protects you from fire.
   It may corrode you when you take damage.
 P - an amulet of faith (around neck)
Wands
 t - a wand of disintegration (16)
 y - a wand of polymorph (5)
 E - a wand of flame (62)
 F - a wand of paralysis (15)
 K - a wand of scattershot (9)
 M - a wand of acid (11)
Scrolls
 b - 11 scrolls of remove curse
 h - a scroll of blinking
 k - 3 scrolls of fog
 o - 4 scrolls of enchant armour
 p - 2 scrolls of immolation
 q - 2 scrolls of fear
 s - 12 scrolls of teleportation
 z - 2 scrolls of magic mapping
 Q - 4 scrolls of identify
Potions
 g - 10 potions of curing
 i - 3 potions of heal wounds
 j - 8 potions of flight
 n - 2 potions of agility
 u - a potion of mutation
 w - 3 potions of ambrosia
 x - 8 potions of might
 A - a potion of resistance
 C - a potion of invisibility {unknown}
 D - 2 potions of haste
 O - a potion of cancellation
Miscellaneous
 J - a fan of gales
 L - a lamp of fire
 N - a box of beasts
Comestibles
 f - 48 rations
 l - 21 chunks of flesh


   Skills:
 + Level 9.9 Fighting
 * Level 16.5 Axes
 - Level 1.7 Throwing
 + Level 11.4 Armour
 + Level 11.8 Dodging
 - Level 10.0 Invocations
 - Level 8.2 Evocations


You had 13 spell levels left.
You didn't know any spells.
Your spell library contained the following spells:

 Spells                   Type           Power        Failure   Level  Hunger
 Freeze                   Ice            #...         99%         1    ##.....
 Magic Dart               Conj           #...         99%         1    ##.....
 Shock                    Conj/Air       #...         99%         1    ##.....
 Passwall                 Tmut/Erth      #.......     100%        2    ###....
 Searing Ray              Conj           #.....       100%        2    ###....
 Swiftness                Chrm/Air       #.......     100%        2    ###....
 Throw Frost              Conj/Ice       #.....       100%        2    ###....
 Dazzling Spray           Conj/Hex       #.....       100%        3    ####...
 Ozocubu's Armour         Chrm/Ice       #.......     100%        3    ####...
 Static Discharge         Conj/Air       #.......     100%        3    ####...
 Airstrike                Air            #.........   100%        4    #####..
 Force Lance              Conj/Tloc      #.......     100%        4    #####..
 Fulminant Prism          Conj/Hex       #.........   100%        4    #####..
 Iskenderun's Mystic Bla  Conj           #.......     100%        4    #####..
 Passage of Golubria      Tloc           N/A          100%        4    #####..
 Summon Ice Beast         Ice/Summ       #.......     100%        4    #####..
 Throw Icicle             Conj/Ice       #.......     100%        4    #####..
 Irradiate                Conj/Tmut      #.........   100%        5    ######.
 Lee's Rapid Deconstruct  Erth           #.........   100%        5    ######.
 Lightning Bolt           Conj/Air       #.........   100%        5    ######.
 Darkness                 Hex            #.........   100%        6    #######
 Hydra Form               Tmut           #.........   100%        6    #######
 Invisibility             Hex            #.......     100%        6    #######
 Statue Form              Tmut/Erth      #........    100%        6    #######
 Dragon Form              Tmut           #.........   100%        7    #######


Dungeon Overview and Level Annotations

Branches:
Dungeon (10/15)            Temple (1/1) D:5            Lair (6/6) D:8
 Shoals (0/4) Lair:4        Snake (0/4) Lair:3        Slime (0/5) Lair:5
    Orc (0/2) D:10

Altars:
Ashenzari
Cheibriados
Dithmenos
Elyvilon
Fedhas
Gozag
Hepliaklqana
Kikubaaqudgha
Makhleb
Nemelex Xobeh
Okawaru
Qazlal
Ru
Sif Muna
Trog
Uskayaw
Vehumet
Wu Jian
Xom
Yredelemnul
Zin
The Shining One
Jiyva


Innate Abilities, Weirdness & Mutations

You are resistant to damage.
You can heal yourself by infusing magical energy.
You resist negative energy. (rN+)
You passively map the area around you.
You do not regenerate.


Message History

You see here an elephant skeleton.
There is an open door, spattered with blood here.
You see here an elephant skeleton.
You now have 1254 gold pieces (gained 26).
Done exploring.
Done exploring.
Done exploring.
Done exploring.
Done exploring.
Done exploring.
Done exploring.
Wield which item (- for none, * to show all)? (? for menu, Esc to quit)
Okay, then.
Done exploring.
Done exploring.
(D) Dungeon (T) Temple (L) Lair (A) Shoals (P) Snake Pit (M) Slime Pits (O) Orcish Mines
Where to? (Enter - Lair:6 @ (x,y), ? - help)
Okay, then.
Are you sure you want to abandon this character and quit the game? (Confirm

.....#...........................<.
....#.............P..P.............
.....P............PPP...##.........
...................7...............
...7########+++########7.......7###
..###......%..........###....7#####
###...#####8.}.8#####...##777##P...
###.###~.###...###..###.#### #....
....#~~~~.#######@....#....####..P.
.####.~~~~#....##.....####....#'###
##.8#.~~~~'....|#.....#..####...#7#
....'..~~~'.....#.....%.%...#.#...#
...8##.~~##...|###...##P......8...7
'############### ############7#.77.
.# #7.## .# ### ##


There were no monsters in sight!

Vanquished Creatures
  The ghost of Xodoxeg the Cruncher, a journeyman NaWz of Kikubaaqudgha (Lair:4)
  5 dire elephants (Lair:6)
  A minotaur (Gauntlet)
  A fire dragon (D:9)
  4 hydras
  An anaconda (Lair:6)
  A catoblepas (Lair:4)
  2 two-headed ogres
  5 death yaks (Lair:6)
  A fire crab (Gauntlet)
  An unseen horror (D:10)
  4 lindwurms (Lair:4)
  A wizard (Gauntlet)
  Pikel (D:7)
  A cyclops (D:10)
  Joseph (D:7)
  21 elephants
  A torpor snail (Lair:6)
  3 black mambas
  Psyche (D:10)
  11 spiny frogs
  2 ice statues (IceCv)
  A minotaur zombie (Gauntlet)
  3 rime drakes
  3 komodo dragons
  An ice devil (IceCv)
  A queen bee (Lair:3)
  3 polar bears (Lair:5)
  3 trolls
  5 hippogriffs
  10 blink frogs
  2 dream sheep (D:8)
  31 yaks
  6 fire bats (Gauntlet)
  2 wyverns
  A basilisk (Lair:6)
  Edmund (D:5)
  A chaos spawn (Gauntlet)
  Menkaure (D:5)
  A neqoxec (Gauntlet)
  13 water moccasins
  2 hell hounds (Gauntlet)
  7 porcupines
  2 black bears
  8 ice beasts (Lair:6)
  5 orc warriors
  4 slaves (D:7)
  4 phantoms
  3 necrophages
  A sky beast (D:9)
  14 wolves
  10 centaurs
  5 ogres
  20 crocodiles
  An elf zombie (Ossuary)
  3 big kobolds (D:8)
  9 bullfrogs
  A wyvern zombie (D:7)
  A wyvern skeleton (D:10)
  24 killer bees (Lair:3)
  4 electric eels
  6 howler monkeys
  3 centaur zombies (Ossuary)
  7 crimson imps
  2 human zombies (Ossuary)
  2 jellies
  6 hounds
  5 bullfrog skeletons
  6 orc priests
  3 centaur skeletons
  11 orc wizards
  Jessica (D:2)
  5 iguanas
  7 worker ants
  A killer bee zombie (D:10)
  A big kobold zombie (Ossuary)
  3 hound skeletons
  2 mummies (Ossuary)
  10 gnolls
  14 adders
  8 white imps
  7 ufetubi (IceCv)
  2 adder zombies
  5 adder skeletons
  3 dart slugs
  10 leopard geckos
  37 orcs
  7 giant cockroaches
  6 goblins
  4 hobgoblins (D:1)
  13 jackals
  6 quokkas
  2 ball pythons (D:2)
  7 bats
  13 frilled lizards
  A goblin zombie (Ossuary)
  14 hobgoblin zombies (Ossuary)
  5 kobolds
  8 kobold zombies (Ossuary)
  5 orc zombies (Ossuary)
  A quokka skeleton (D:5)
  10 rats
  A rat zombie (Ossuary)
  4 fungi
  13 plants
574 creatures vanquished.

Vanquished Creatures (collateral kills)
  A dire elephant (Lair:6)
  A hydra (Lair:2)
  2 oklob plants (Lair:4)
  A black mamba (Lair:4)
5 creatures vanquished.

Vanquished Creatures (others)
  5 white imps (IceCv)
  3 ufetubi (IceCv)
  3 fungi
  6 plants
17 creatures vanquished.

Grand Total: 596 creatures vanquished

Notes
Turn   | Place    | Note
-------+----------+-------------------------------------------
     0 | D:1      | Duffy the Deep Dwarf Gladiator began the quest for the Orb.
     0 | D:1      | Reached XP level 1. HP: 19/19 MP: 1/1
   105 | D:1      | Reached XP level 2. HP: 21/26 MP: 2/2
   321 | D:1      | Reached skill level 1 in Armour
   635 | D:1      | Reached XP level 3. HP: 18/32 MP: 3/3
   782 | D:2      | Noticed Jessica
   795 | D:1      | Reached skill level 4 in Axes
   813 | D:2      | Killed Jessica
   813 | D:2      | Reached XP level 4. HP: 40/40 MP: 4/4
   842 | D:2      | Found a snail-covered altar of Cheibriados.
   924 | D:2      | Found a glowing golden altar of the Shining One.
  1375 | D:3      | Reached XP level 5. HP: 41/46 MP: 5/5
  1910 | D:4      | Reached skill level 5 in Axes
  1961 | D:4      | Noticed an ogre
  1963 | D:4      | Killed an ogre
  1963 | D:4      | Reached XP level 6. HP: 42/56 MP: 6/6
  2588 | D:5      | Entered Level 5 of the Dungeon
  2620 | D:5      | Reached skill level 6 in Axes
  2702 | D:5      | Got an iridescent battleaxe
  2703 | D:5      | Identified the +10 battleaxe of the Tomato {freeze, Int+4}
                  | (You found it on level 5 of the Dungeon)
  2714 | D:5      | Reached XP level 7. HP: 39/62 MP: 7/7
  2736 | D:5      | Noticed Edmund
  2736 | D:5      | Noticed Menkaure
  2743 | D:5      | Killed Menkaure
  2743 | D:5      | Reached skill level 5 in Dodging
  2750 | D:5      | Killed Edmund
  2798 | D:5      | Found a sand-covered staircase.
  2809 | Ossuary  | Entered an ossuary
  2862 | Ossuary  | Reached skill level 7 in Axes
  2912 | Ossuary  | Reached XP level 8. HP: 57/72 MP: 8/8
  3151 | D:5      | Found a staircase to the Ecumenical Temple.
  3169 | Temple   | Entered the Ecumenical Temple
  3290 | Temple   | Became a worshipper of Makhleb the Destroyer
  3745 | D:6      | Reached skill level 8 in Axes
  3763 | D:6      | Reached skill level 5 in Armour
  4174 | D:7      | Reached * piety under Makhleb
  4240 | D:7      | Reached skill level 5 in Fighting
  4262 | D:7      | Noticed a hippogriff
  4271 | D:7      | Killed a hippogriff
  4271 | D:7      | Gained mutation: You passively map the area around you.
                  | [Deep Dwarf growth]
  4271 | D:7      | Reached XP level 9. HP: 63/81 MP: 8/8
  4290 | D:7      | Reached skill level 9 in Axes
  4439 | D:7      | Noticed Pikel
  4453 | D:7      | Killed Pikel
  4508 | D:7      | Noticed Joseph
  4536 | D:7      | Killed Joseph
  4558 | D:7      | Reached skill level 10 in Axes
  5130 | D:8      | Found a sparkling altar of Nemelex Xobeh.
  5130 | D:8      | Found a shattered altar of Ashenzari.
  5324 | D:8      | Reached ** piety under Makhleb
  5498 | D:8      | Noticed a komodo dragon
  5499 | D:8      | Found a staircase to the Lair.
  5505 | D:8      | Killed a komodo dragon
  5505 | D:8      | Reached XP level 10. HP: 78/91 MP: 9/9
  5595 | D:8      | Noticed a three-headed hydra
  5658 | D:8      | Killed a three-headed hydra
  5658 | D:8      | Reached skill level 11 in Axes
  5876 | D:8      | Noticed a two-headed ogre
  5882 | D:8      | Killed a two-headed ogre
  6837 | D:9      | Noticed a fire dragon
  6852 | D:9      | Killed a fire dragon
  6852 | D:9      | Reached skill level 12 in Axes
  6852 | D:9      | Reached XP level 11. HP: 73/100 MP: 9/9
  6881 | D:9      | Got a wavering granite ring
  6885 | D:9      | Identified the ring "Dilocoti" {*Corrode rF++ AC+2 Str+4}
                  | (You found it on level 9 of the Dungeon)
  7096 | D:10     | Entered Level 10 of the Dungeon
  7356 | D:10     | Reached *** piety under Makhleb
  7374 | D:10     | Noticed a two-headed ogre
  7380 | D:10     | Killed a two-headed ogre
  7437 | D:10     | Found a staircase to the Orcish Mines.
  7607 | D:10     | Reached skill level 1 in Invocations
  7607 | D:10     | Reached skill level 1 in Evocations
  7672 | D:10     | Killed an unseen horror
  7698 | D:10     | Noticed Psyche
  7700 | D:10     | Killed Psyche
  8066 | Lair:1   | Entered Level 1 of the Lair of Beasts
  8092 | Lair:1   | Reached **** piety under Makhleb
  8092 | Lair:1   | Reached skill level 13 in Axes
  8126 | Lair:1   | Found a gate leading to a gauntlet.
  8137 | Gauntlet | Entered a Gauntlet
  8137 | Gauntlet | Found a transporter.
  8137 | Gauntlet | Found a transporter.
  8160 | Gauntlet | Found a transporter.
  8160 | Gauntlet | Found a transporter.
  8161 | Gauntlet | Noticed a ghost crab
  8173 | Gauntlet | Found a transporter.
  8174 | Gauntlet | Noticed a hell beast
  8193 | Gauntlet | Noticed a fire crab
  8206 | Gauntlet | Found a transporter.
  8206 | Gauntlet | Found a transporter.
  8229 | Gauntlet | Found a transporter.
  8252 | Gauntlet | Found a transporter.
  8259 | Gauntlet | Noticed a wizard
  8269 | Gauntlet | Found a transporter.
  8331 | Gauntlet | Got a pair of twisted gloves
  8342 | Gauntlet | Identified the cursed -6 pair of gloves of the Quahog
                  | {Regen+} (You found it in a Gauntlet)
  8384 | Gauntlet | Killed a wizard
  8429 | Gauntlet | Reached skill level 5 in Evocations
  8430 | Gauntlet | Reached skill level 5 in Invocations
  8442 | Gauntlet | Killed a fire crab
  8442 | Gauntlet | Reached XP level 12. HP: 110/110 MP: 14/14
  8458 | Gauntlet | Got a slimy plate armour
  8469 | Gauntlet | Identified the +6 plate armour "Woshud" {rCorr} (You found
                  | it in a Gauntlet)
  8509 | Gauntlet | Identified the cursed +3 short sword of an ossuary {freeze,
                  | rC+ Dex+7}
  8509 | Gauntlet | Noticed a minotaur
  8526 | Gauntlet | Killed a minotaur
  9127 | Lair:2   | Noticed an eight-headed hydra
  9133 | Lair:2   | Killed an eight-headed hydra
  9175 | Lair:2   | Noticed a seven-headed hydra
  9185 | Lair:2   | Killed a seven-headed hydra
  9743 | Lair:2   | Reached skill level 10 in Invocations
 10013 | Lair:2   | Noticed a seven-headed hydra
 10016 | Lair:2   | Killed a seven-headed hydra
 10340 | Lair:3   | Reached ***** piety under Makhleb
 10343 | Lair:3   | Reached skill level 14 in Axes
 10593 | Lair:3   | Reached skill level 10 in Dodging
 10600 | Lair:3   | Reached XP level 13. HP: 117/117 MP: 18/18
 10619 | Lair:3   | Found a staircase to the Snake Pit.
 11413 | Lair:4   | Found a staircase to the Shoals.
 11609 | Lair:4   | Found a runed gate.
 11609 | Lair:4   | Found a runed gate.
 11609 | Lair:4   | Found a runed gate.
 11609 | Lair:4   | Noticed Xodoxeg's ghost (journeyman NaWz)
 11629 | Lair:4   | Killed Xodoxeg's ghost
 11629 | Lair:4   | Reached skill level 10 in Armour
 11752 | Lair:4   | Reached skill level 15 in Axes
 11974 | Lair:5   | Found a staircase to the Slime Pits.
 11974 | Lair:5   | Found a viscous altar of Jiyva.
 12192 | Lair:5   | Reached ****** piety under Makhleb
 12221 | Lair:5   | Got a transparent war axe
 12223 | Lair:5   | Identified the +3 war axe of the Sun {freeze, MR++} (You
                  | found it on level 5 of the Lair of Beasts)
 12616 | Lair:6   | Entered Level 6 of the Lair of Beasts
 12726 | Lair:6   | Found a frozen archway.
 12739 | IceCv    | Entered an ice cave
 12821 | IceCv    | Got a pair of encrusted gloves
 12832 | IceCv    | Identified the +1 pair of gloves "Wups" {*Corrode +Inv
                  | rPois Regen+} (You found it in an ice cave)
 12833 | IceCv    | Got a pair of spiked gloves
 12844 | IceCv    | Identified the +1 pair of gloves of Life {rN+ MR- Regen+
                  | Str+2} (You found it in an ice cave)
 13166 | Lair:6   | Gained mutation: You resist negative energy. (rN+) [Deep
                  | Dwarf growth]
 13166 | Lair:6   | Reached XP level 14. HP: 84/129 MP: 19/19
 13333 | Lair:6   | Reached skill level 16 in Axes
 14055 | Lair:6   | Quit the game

Vault maps used:
D:1:      lightli_iron_boxes
D:2:      chequers_temple_overflow_statue_of_worship, uniq_jessica
D:5:      minmay_temple_entry_statues_fountains, enter_ossuary_3, first_ration,
          uniq_edmund, uniq_menkaure
D:7:      uniq_pikel, uniq_joseph
D:8:      gammafunk_temple_overflow_elements, david_lair_shrubbed,
          hangedman_ranch, minmay_starry_boxes
D:9:      dragon1_lemuel, lightli_corner_chamber
D:10:     erik_orc_2, uniq_psyche
Temple:   compressed_dpeg_circular_temple
Lair:1:   gauntlet_entry_generic
Lair:2:   lemuel_reptile_caves, serial_bayou_pond_a
Lair:3:   minmay_snake_entry_six_corridors, infiniplex_staircase_pool
Lair:4:   minmay_shoals_entry_centaurs, ebering_ghost_rock_garden,
          minmay_lindwurm_lava, minmay_lair_oklob_chamber
Lair:5:   slime_altar_1, serial_forest, infiniplex_forest_lined_corner,
          infiniplex_forest_lined_ring, infiniplex_forest_straight_5,
          infiniplex_forest_end_2, beast_lair_carwin_2
Lair:6:   due_jungle_book, portal_ice_cave_entry_ice_beasts, ldierk_geyser
Ossuary:  ossuary_tomb_1
IceCv:    ice_cave_small_demon
Gauntlet: gammafunk_gauntlet_shortcut

Skill      XL: |  1  2  3  4  5  6  7  8  9 10 11 12 13 14 |
---------------+-------------------------------------------+-----
Fighting       | 2 3 4 5 6 7 8 9 |  9.9
Armour         | 1 2 3 4 5 7 8 9 10 11 | 11.4
Axes           | 4 5 6 7 8 10 12 13 14 15 16 | 16.5
Dodging        | 4 5 6 7 9 10 11 | 11.8
Invocations    | 5 10 | 10.0
Evocations     | 5 8 |  8.2
Throwing       | |  1.7

Action                   |  1- 3 |  4- 6 |  7- 9 | 10-12 | 13-15 || total
-------------------------+-------+-------+-------+-------+-------++-------
Melee: War axe           |   111 |   201 |       |       |       ||   312
       Battleaxe         |       |     2 |   229 |   492 |   364 ||  1087
       Broad axe         |       |       |       |       |    69 ||    69
Invok: Lesser Servant of |       |       |       |     7 |     5 ||    12
 Abil: Heal Wounds       |     2 |     1 |     3 |     2 |       ||     8
Evoke: Wand              |       |     2 |       |    42 |       ||    44
  Use: Scroll            |       |     1 |    10 |    16 |     4 ||    31
       Potion            |       |       |       |       |     3 ||     3
 Stab: Distracted        |       |       |     1 |       |     1 ||     2
  Eat: Chunk             |       |     6 |     6 |    14 |     3 ||    29
       Ration            |       |       |     1 |     1 |     4 ||     6
Armor: Ring mail         |    32 |       |       |       |       ||    32
       Plate armour      |    16 |   149 |   107 |   322 |   281 ||   875
Dodge: Dodged            |    75 |    86 |   110 |   465 |   336 ||  1072

Table legend:
 A = Non-vault XP
 B = Vault XP
 C = Vault XP percentage of total XP
 D = Non-vault monster count
 E = Vault monster count
 F = Vault count percentage of total count
                 A         B        C        D         E       F
            +---------+---------+-------+---------+---------+-------
      Total |   55470 |   27865 |  33.4 |     351 |     207 |  37.1
            +---------+---------+-------+---------+---------+-------
        D:1 |      72 |       0 |   0.0 |      30 |       0 |   0.0
        D:2 |      62 |      37 |  37.4 |      17 |       1 |   5.6
        D:3 |      58 |       0 |   0.0 |      18 |       0 |   0.0
        D:4 |     407 |       0 |   0.0 |      16 |       0 |   0.0
        D:5 |     376 |     345 |  47.9 |      12 |       2 |  14.3
        D:6 |     695 |       0 |   0.0 |      16 |       0 |   0.0
        D:7 |    1022 |    1091 |  51.6 |      18 |       2 |  10.0
        D:8 |    1789 |    2643 |  59.6 |      30 |      14 |  31.8
        D:9 |    1606 |    1092 |  40.5 |      17 |       1 |   5.6
       D:10 |    4790 |    1239 |  20.6 |      37 |      22 |  37.3
     Lair:1 |    2648 |       0 |   0.0 |      12 |       0 |   0.0
     Lair:2 |    4692 |    1605 |  25.5 |      16 |      27 |  62.8
     Lair:3 |    5503 |    3238 |  37.0 |      23 |      38 |  62.3
     Lair:4 |    5645 |    5536 |  49.5 |      16 |      12 |  42.9
     Lair:5 |    2980 |    1045 |  26.0 |      14 |       4 |  22.2
     Lair:6 |   23125 |    3869 |  14.3 |      59 |      13 |  18.1
    Ossuary |       0 |     420 | 100.0 |       0 |      39 | 100.0
      IceCv |       0 |    1285 | 100.0 |       0 |      16 | 100.0
   Gauntlet |       0 |    4420 | 100.0 |       0 |      16 | 100.0
            +---------+---------+-------+---------+---------+-------
